 Dungeon Crawl Stone Soup version 0.30-a0-540-g0af01429fa (webtiles) character file.

Game seed: 18297981926300581415

773 hikkokomori the Shooter (level 7, 0/42 HPs)
             Began as a Gargoyle Gladiator on Dec 25, 2022.
             Slain by an ufetubus (3 damage)
             ... on level 4 of the Dungeon.
             The game lasted 00:06:57 (3624 turns).

hikkokomori the Shooter (Gargoyle Gladiator)        Turns: 3624, Time: 00:06:57

Health: 0/42       AC:  9    Str: 18    XL:     7   Next: 83%
Magic:  7/7        EV: 12    Int:  8    God:
Gold:   243        SH:  0    Dex: 13    Spells: 6/6 levels left

rFire   . . .      SeeInvis .    r - +3 longbow (freeze)
rCold   . . .      Faith    .    (shield currently unavailable)
rNeg    + . .      Spirit   .    b - +0 leather armour
rPois   ∞          Reflect  .    c - +0 helmet
rElec   +          Harm     .    (no cloak)
rCorr   .          Rampage  .    (no gloves)
Will    .....                    n - +0 pair of boots
Stlth   +                        (no amulet)
HPRegen 0.27/turn                (no ring)
MPRegen 0.10/turn                (no ring)

@: no status effects
A: sickness immunity, AC +4, negative energy resistance 1, electricity
resistance, torment resistance 1, petrification resistance
a: no special abilities


You were on level 4 of the Dungeon.
You visited 1 branch of the dungeon, and saw 5 of its levels.
You also visited: Sewer.

You collected 243 gold pieces.

Inventory:

Hand Weapons
 a - a +0 long sword
 r - a +3 longbow of freezing (weapon)
Missiles
 d - 3 throwing nets
 e - a javelin
Armour
 b - a +0 leather armour (worn)
 c - a +0 helmet (worn)
 n - a +0 pair of boots (worn)
Scrolls
 f - a scroll of identify
 g - a scroll of magic mapping {unknown}
 l - a scroll of fog
 m - 2 scrolls of enchant weapon {unknown}
 p - a scroll of butterflies
 q - a scroll of brand weapon {unknown}
Potions
 h - 2 potions of mutation {unknown}
 i - a potion of flight {unknown}
 j - 6 potions of curing
 k - a potion of might {unknown}
 o - 2 potions of degeneration {unknown}
 s - a potion of resistance {unknown}


   Skills:
 - Level 3.7 Fighting
 - Level 3.6 Long Blades
 + Level 6.7 Ranged Weapons
 - Level 1.8 Throwing
 - Level 3.3 Dodging


You had 6 spell levels left.
You didn't know any spells.
Your spell library contained the following spells:

 Spells                   Type           Power      Damage    Failure   Level
 Beastly Appendage        Tmut           0%         N/A       45%         1
 Blink                    Tloc           0%         N/A       61%         2
 Momentum Strike          Conj/Tloc      0%         3d8       61%         2
 Wereblood                Tmut           0%         N/A       61%         2
 Gell's Gravitas          Tloc           0%         N/A       83%         3
 Lesser Beckoning         Tloc           0%         N/A       83%         3
 Spider Form              Tmut/Pois      0%         N/A       83%         3
 Teleport Other           Tloc           0%         N/A       83%         3


Dungeon Overview and Level Annotations

Branches:
Dungeon (5/15)              Sewer (visited)
 Temple: D:4-7

Altars:
Makhleb
Wu Jian


Innate Abilities, Weirdness & Mutations

You are immune to sickness and miasma.
Your stone body is resilient. (AC +4)
You are immune to poison.
You resist negative energy. (rN+)
You are resistant to electric shocks. (rElec)
You are resistant to unholy torment.
You are immune to petrification.


Message History

The hound bites you but does no damage. The iguana bites you.
The scorpion stings you but does no damage.
You climb upwards.
There is a stone staircase leading down here.
Unknown command.
You shoot an arrow. The arrow hits the iguana.
The iguana seems to slow down.
The arrow freezes the iguana.
The iguana is lightly wounded.
The ufetubus barely misses you. The ufetubus closely misses you.
The hound bites you. The ufetubus closely misses you.
The ufetubus barely misses you. The scorpion stings you.
The hound bites you but does no damage. The iguana bites you.
You shoot an arrow. The arrow hits the iguana.
The arrow freezes the iguana.
The iguana is heavily wounded.
The ufetubus hits you but does no damage.
The ufetubus barely misses you. The hound bites you but does no damage.
The scorpion stings you but does no damage.
The ufetubus barely misses you. The ufetubus closely misses you.
The hound closely misses you. The scorpion stings you.
The iguana bites you but does no damage.
The ufetubus barely misses you.
The ufetubus hits you but does no damage.
You shoot an arrow. The arrow hits the iguana.
The iguana seems to slow down.
The arrow freezes the iguana.
The iguana is heavily wounded.
The hound closely misses you. The ufetubus closely misses you.
The ufetubus completely misses you. The scorpion barely misses you.
The hound bites you but does no damage. The ufetubus misses you.
The ufetubus barely misses you. The iguana bites you!
* * * LOW HITPOINT WARNING * * *
The scorpion barely misses you.
You shoot an arrow. The arrow hits the iguana!
The iguana seems to slow down.
The arrow freezes the iguana.
You kill the iguana!
The hound barely misses you. The ufetubus misses you.
The ufetubus hits you but does no damage.
The scorpion misses you. The hound bites you.
* * * LOW HITPOINT WARNING * * *
The ufetubus hits you.
You die...

...........###....##
#§§.# ........####
#.#### #§§§#
.#.......#####.#
###...#
....#..#.......#
#...###
#....#.#####...#
##.###
#..#.........#.###
#..#
..........####...#
#.##
#######...######)###)#
##### ##.).....h@s.#.#
§...# #.####..5##.#)#
§...####)# #...##..)#
._...'.#.#
#...###..###
....##...#
##.####....#
....####.##
#....#.##.### #####
#..# ####.#......#
#########.##
#........#
......###..#
###<.....#


You could see a scorpion, a hound and an ufetubus.

Vanquished Creatures
  3 kobold brigands (Sewer)
  3 hounds
  An orc priest (D:3)
  2 iguanas (D:4)
  3 orc wizards
  4 gnolls (D:4)
  5 river rats
  16 adders
  A white imp (D:5)
  5 worms
  8 orcs
  5 bats
  5 endoplasms
  3 giant cockroaches
  4 hobgoblins
  9 jackals
  4 quokkas
  13 ball pythons
  2 frilled lizards
  8 goblins
  7 kobolds
  8 rats
119 creatures vanquished.

Notes
Turn   | Place    | Note
-------+----------+-------------------------------------------
     0 | D:1      | hikkokomori the Gargoyle Gladiator began the quest for the
                  | Orb.
     0 | D:1      | Reached XP level 1. HP: 12/12 MP: 1/1
   169 | D:1      | Reached XP level 2. HP: 12/18 MP: 2/2
   266 | D:1      | You fall into a shaft and drop 1 floor!
   540 | D:2      | Reached XP level 3. HP: 22/22 MP: 3/3
  1170 | D:3      | Reached XP level 4. HP: 25/28 MP: 4/4
  1379 | D:3      | Reached XP level 5. HP: 11/33 MP: 5/5
  2062 | D:4      | Found an ornate altar of the Wu Jian Council.
  2087 | D:4      | Reached skill level 1 in Ranged Weapons
  2183 | D:4      | Reached skill level 2 in Ranged Weapons
  2214 | D:4      | Reached XP level 6. HP: 8/38 MP: 6/6
  2344 | D:4      | Reached skill level 3 in Ranged Weapons
  2359 | D:4      | Found a burning altar of Makhleb.
  2374 | D:4      | Found a glowing drain.
  2378 | Sewer    | Entered a sewer
  2507 | Sewer    | Reached skill level 4 in Ranged Weapons
  2629 | Sewer    | Reached XP level 7. HP: 42/42 MP: 7/7
  2673 | Sewer    | Reached skill level 5 in Ranged Weapons
  3006 | D:4      | Reached skill level 6 in Ranged Weapons
  3400 | D:5      | Entered Level 5 of the Dungeon
  3624 | D:4      | Slain by an ufetubus

Illustrated notes

Levels and vault maps discovered:
D:1:      amcnicky_arrival_underground_garden, layout_loops_ring
D:2:      layout_basic
D:3:      minmay_angry_zag, layout_loops_corners, dk_noncrumbling_4
D:4:      layout_rooms, mainiacjoe_overflow_paths,
          nicolae_wu_jian_glorious_leap, portal_sewer_entry_b
D:5:      layout_cave_pods, temple_statues, serial_shops, kennysheep_mini_moat,
          serial_park, serial_park_tiny_1, serial_park_paths
          [serial_park_minivault_5x5_8], serial_park_square2,
          serial_park_tiny_2, minmay_increasing_density

Skill      XL: |  1  2  3  4  5  6  7 |
---------------+----------------------+-----
Long Blades    | 3 |  3.6
Fighting       | 3 |  3.7
Dodging        | 3 |  3.3
Ranged Weapons | 2 4 6 |  6.7
Throwing       | |  1.8

Action                   |  1- 3 |  4- 6 |  7- 9 || total
-------------------------+-------+-------+-------++-------
Melee: Long sword        |   118 |    69 |       ||   187
       Punch             |     1 |       |       ||     1
 Fire: Longbow           |       |    86 |   119 ||   205
  Use: Scroll            |       |     7 |     1 ||     8
 Stab: Sleeping          |     1 |       |       ||     1
Armor: Leather armour    |    54 |    65 |    70 ||   189
Dodge: Dodged            |    98 |   108 |   115 ||   321

Table legend: (Time is in decaauts)
 A = Elapsed time spent in this place.
 B = Non-inter-level travel time spent in this place.
 C = Inter-level travel time spent in this place.
 D = Time resting spent in this place.
 E = Time spent auto-exploring this place.
 F = Levels seen in this place.
 G = Mean time per level.
                   A        B        C        D        E       F      G
               +--------+--------+--------+--------+--------+-----+--------+
         Total |   3923 |   3822 |    101 |    245 |   2550 |   6 |  653.8 |
       Dungeon |   3122 |   3021 |    101 |    245 |   1944 |   5 |  624.4 |
         Sewer |    801 |    801 |      0 |      0 |    606 |   1 |  801.0 |
               +--------+--------+--------+--------+--------+-----+--------+

Top non-repeatable levels by time:
     D:3: 1202 daAuts
     D:4: 939 daAuts
   Sewer: 801 daAuts
     D:2: 536 daAuts
     D:1: 274 daAuts
     D:5: 169 daAuts
